 Dungeon Crawl Stone Soup version 0.29-a0-330-g52719c12eb (webtiles) character file.

Game seed: 7560039568289721788

70 Crownlay the Cruncher (level 4, -3/34 HPs)
             Began as a Gnoll Wanderer on May 24, 2022.
             Slain by Terence
             ... wielding a +0 trident
              (9 damage)
             ... on level 2 of the Dungeon.
             The game lasted 00:02:04 (1615 turns).

Crownlay the Cruncher (Gnoll Wanderer)              Turns: 1615, Time: 00:02:05

Health: -3/34      AC:  2    Str:  8    XL:     4   Next: 22%
Magic:  1/8        EV: 13    Int: 13    God:
Gold:   110        SH:  0    Dex: 15    Spells: 6/8 levels left

rFire   . . .      SeeInvis .   a - +3 quarterstaff
rCold   . . .      Faith    .   (shield currently unavailable)
rNeg    . . .      Spirit   .   c - +0 robe
rPois   .          Reflect  .   (no helmet)
rElec   .          Harm     .   (no cloak)
rCorr   .          Rampage  .   (no gloves)
Will    .....                   (no boots)
Stlth   ++........              (no amulet)
HPRegen 0.11/turn               k - ring of flight
MPRegen 0.11/turn               (no ring)

@: flying, very slightly contaminated
A: fangs 1, strong nose, distributed training
a: no special abilities


You were on level 2 of the Dungeon.
You visited 1 branch of the dungeon, and saw 2 of its levels.

You collected 110 gold pieces.

Inventory:

Hand Weapons
 a - a +3 quarterstaff (weapon)
Armour
 c - a +0 robe (worn)
Jewellery
 k - a ring of flight (left hand)
Scrolls
 j - a scroll of teleportation {unknown}
Potions
 b - a potion of berserk rage
 d - a potion of curing {unknown}
 e - a potion of invisibility {unknown}
 g - a potion of resistance {unknown}
 h - a potion of might {unknown}


   Skills:
 + Level 2.7 Fighting
 + Level 1.0 Short Blades
 + Level 1.0 Long Blades
 + Level 1.0 Axes
 + Level 1.0 Maces & Flails
 + Level 1.0 Polearms
 + Level 8.5 Staves
 + Level 1.0 Slings
 + Level 1.0 Bows
 + Level 1.0 Crossbows
 + Level 1.0 Throwing
 + Level 2.7 Armour
 + Level 2.7 Dodging
 + Level 1.0 Stealth
 + Level 1.0 Shields
 + Level 1.0 Unarmed Combat
 + Level 2.9 Spellcasting
 + Level 2.2 Conjurations
 + Level 0.8 Hexes
 + Level 0.8 Summonings
 + Level 0.8 Necromancy
 + Level 0.8 Translocations
 + Level 0.8 Transmutations
 + Level 0.8 Fire Magic
 + Level 0.8 Ice Magic
 + Level 0.8 Air Magic
 + Level 0.8 Earth Magic
 + Level 0.8 Poison Magic
 + Level 1.1 Invocations
 + Level 2.7 Evocations


You had 6 spell levels left.
You knew the following spells:

 Your Spells              Type           Power      Damage    Failure   Level
a - Searing Ray           Conj           14%        2d5       14%         2

Your spell library contained the following spells:

 Spells                   Type           Power      Damage    Failure   Level
 Static Discharge         Conj/Air       5%         N/A       19%         2
 Borgnjor's Revivificati  Necr           2%         N/A       100%        8
 Necromutation            Tmut/Necr      2%         N/A       100%        8
 Death's Door             Necr           2%         N/A       100%        9


Dungeon Overview and Level Annotations

Branches:
Dungeon (2/15)

Altars:

Annotations:
D:2 Terence


Innate Abilities, Weirdness & Mutations

You have very sharp teeth.
Your uncanny sense of smell can sniff out nearby items.
Your experience applies equally to all skills.


Message History

Terence the Incautious comes into view.
He is wielding a +0 trident.
Terence shouts!
Terence hits you with a +0 trident!
Casting: Searing Ray (safe; 14% risk of failure)
Confirm with . or Enter, or press ? or * to list all spells.
Aiming: Searing Ray (safe; 14% risk of failure)
Press: ? - help, Shift-Dir - straight line, f - Terence
Aim: Terence, wielding a +0 trident and wearing a +0 scale mail (77% to hit)
The searing ray misses Terence. (Press . to maintain the ray.) Terence barely misses you.
The searing ray hits Terence.
Terence is lightly wounded.
Terence hits you with a +0 trident!
The searing ray misses Terence.
Terence misses you.
The searing ray hits Terence but does no damage.
Terence is lightly wounded.
You finish channelling your searing ray.
Terence barely misses you.
Casting: Searing Ray (safe; 14% risk of failure)
Confirm with . or Enter, or press ? or * to list all spells.
Aiming: Searing Ray (safe; 14% risk of failure)
Press: ? - help, Shift-Dir - straight line, f/p - Terence
Aim: Terence, wielding a +0 trident and wearing a +0 scale mail (lightly wounded, 77% to hit)
You miscast Searing Ray.
You are very lightly contaminated with residual magic.
Nothing appears to happen.
Terence hits you with a +0 trident.
Casting: Searing Ray (safe; 14% risk of failure)
Confirm with . or Enter, or press ? or * to list all spells.
You don't have enough magic to cast this spell.
Unknown command.
As you read the scroll labelled UKEUNE TANEYTS, it crumbles to dust.
The scroll dissolves into smoke.
It was a scroll of fog.
Terence hits you with a +0 trident!
* * * LOW HITPOINT WARNING * * *
As you read the scroll labelled OKUQOUCIDIU, it crumbles to dust.
Wisps of shadow whirl around you...
It was a scroll of summoning.
Terence misses you.
Terence hits you from afar with a +0 trident!
You die...

###########
#.....§§@J#
#.#######§#
#.# #@# #.#
### #g# #.#
#.. ... #.#
#.# #.# #.#
#.# #.#
#.###.###.#
# ...
#.........#
. #.#


You could see Terence (ally target) and a friendly endoplasm (summoned).

Vanquished Creatures
  An orc wizard (D:2)
  2 adders (D:2)
  A dart slug (D:1)
  3 orcs (D:2)
  A bat (D:1)
  2 giant cockroaches (D:1)
  A hobgoblin (D:1)
  4 jackals (D:1)
  A quokka (D:2)
  4 ball pythons
  2 frilled lizards (D:1)
  A kobold (D:1)
23 creatures vanquished.

Notes
Turn   | Place    | Note
-------+----------+-------------------------------------------
     0 | D:1      | Crownlay the Gnoll Wanderer began the quest for the Orb.
     0 | D:1      | Crownlay set off with the following items: a +3
                  | quarterstaff, a potion of berserk rage, a +0 robe; and the
                  | following spells available to memorise: Searing Ray, Static
                  | Discharge
     0 | D:1      | Reached XP level 1. HP: 17/17 MP: 4/4
    48 | D:1      | Found a faded altar of an unknown god.
   599 | D:1      | Reached XP level 2. HP: 22/23 MP: 5/5
  1204 | D:2      | Reached XP level 3. HP: 24/28 MP: 7/7
  1309 | D:2      | Learned a level 2 spell: Searing Ray
  1323 | D:2      | Reached skill level 1 in Invocations
  1502 | D:2      | Reached skill level 1 in Short Blades
  1502 | D:2      | Reached skill level 1 in Long Blades
  1502 | D:2      | Reached skill level 1 in Axes
  1502 | D:2      | Reached skill level 1 in Maces & Flails
  1502 | D:2      | Reached skill level 1 in Polearms
  1502 | D:2      | Reached skill level 1 in Slings
  1502 | D:2      | Reached skill level 1 in Bows
  1502 | D:2      | Reached skill level 1 in Crossbows
  1502 | D:2      | Reached skill level 1 in Throwing
  1502 | D:2      | Reached skill level 1 in Stealth
  1502 | D:2      | Reached skill level 1 in Shields
  1502 | D:2      | Reached skill level 1 in Unarmed Combat
  1502 | D:2      | Reached XP level 4. HP: 25/34 MP: 8/8
  1606 | D:2      | Noticed Terence
  1615 | D:2      | Slain by Terence

Illustrated notes

Levels and vault maps discovered:
D:1:      lightli_arrival_statuegarden, layout_loops_cross,
          ebering_ecumenical_altar_petrified, serial_glass, glass_columns_a,
          glass_columns_a, glass_columns_a, glass_columns_a, glass_columns_a,
          minmay_misc_feat_more_columns, st_stairs_11
D:2:      layout_loops_corners, kennysheep_small_spiral, uniq_terence

Skill      XL: |  1  2  3 |
---------------+----------+-----
Conjurations   | 2 |  2.2
Invocations    | 1 |  1.1
Short Blades   | 1 |  1.0
Long Blades    | 1 |  1.0
Axes           | 1 |  1.0
Maces & Flails | 1 |  1.0
Polearms       | 1 |  1.0
Slings         | 1 |  1.0
Bows           | 1 |  1.0
Crossbows      | 1 |  1.0
Throwing       | 1 |  1.0
Stealth        | 1 |  1.0
Shields        | 1 |  1.0
Unarmed Combat | 1 |  1.0
Fighting       | |  2.7
Staves         | |  8.5
Armour         | |  2.7
Dodging        | |  2.7
Spellcasting   | |  2.9
Hexes          | |  0.8
Summonings     | |  0.8
Necromancy     | |  0.8
Translocations | |  0.8
Transmutations | |  0.8
Fire Magic     | |  0.8
Ice Magic      | |  0.8
Air Magic      | |  0.8
Earth Magic    | |  0.8
Poison Magic   | |  0.8
Evocations     | |  2.7

Action                   |  1- 3 |  4- 6 || total
-------------------------+-------+-------++-------
Melee: Quarterstaff      |    63 |       ||    63
       Bite              |     6 |       ||     6
 Cast: Searing Ray       |       |     2 ||     2
  Use: Scroll            |       |     2 ||     2
 Stab: Sleeping          |     1 |       ||     1
Armor: Robe              |     9 |       ||     9
Dodge: Dodged            |    36 |     4 ||    40

Table legend: (Time is in decaauts)
 A = Elapsed time spent in this place.
 B = Non-inter-level travel time spent in this place.
 C = Inter-level travel time spent in this place.
 D = Time resting spent in this place.
 E = Time spent auto-exploring this place.
 F = Levels seen in this place.
 G = Mean time per level.
                   A        B        C        D        E       F      G
               +--------+--------+--------+--------+--------+-----+--------+
         Total |   1606 |   1573 |     33 |      0 |   1422 |   2 |  803.0 |
       Dungeon |   1606 |   1573 |     33 |      0 |   1422 |   2 |  803.0 |
               +--------+--------+--------+--------+--------+-----+--------+

Top non-repeatable levels by time:
     D:1: 1133 daAuts
     D:2: 472 daAuts
